 Dungeon Crawl Stone Soup version 0.30-a0-672-gc3a7216ad8 (webtiles) character file.

Game seed: 14396941317454318654

1189 QueenGhuleh the Cleaver (level 8, -3/71 HPs)
             Began as a Minotaur Berserker on Jan 12, 2023.
             Was a Priest of Trog.
             Killed from afar by an electric eel (9 damage)
             ... with a bolt of electricity
             ... on level 6 of the Dungeon on Jan 18, 2023.
             The game lasted 00:09:32 (4254 turns).

QueenGhuleh the Cleaver (Minotaur Berserker)        Turns: 4254, Time: 00:09:32

Health: -3/71      AC: 11    Str: 23    XL:     8   Next: 19%
Magic:  7/7        EV:  9    Int:  4    God:    Trog [***...]
Gold:   244        SH:  0    Dex: 11    Spells: 7/7 levels left

rFire   . . .      SeeInvis .    y - +0 halberd
rCold   + . .      Faith    .    (shield currently unavailable)
rNeg    . . .      Spirit   .    t - +1 chain mail {rC+}
rPois   .          Reflect  .    (helmet restricted)
rElec   .          Harm     .    (no cloak)
rCorr   .          Rampage  .    (no gloves)
Will    .....                    (no boots) Stlth
                                 (no amulet)
HPRegen 0.31/turn                (no ring)
MPRegen 0.10/turn                (no ring)

@: on berserk cooldown, slowed, very slow
A: horns 2, retaliatory headbutt
a: Renounce Religion, Berserk, Trog's Hand


You were on level 6 of the Dungeon.
You worshipped Trog.
Trog was most pleased with you.
You visited 1 branch of the dungeon, and saw 6 of its levels.

You collected 244 gold pieces.

Inventory:

Hand Weapons
 y - a +0 halberd (weapon)
Missiles
 i - 2 throwing nets (quivered)
Armour
 t - a +1 chain mail of cold resistance (worn)
Jewellery
 b - a ring of poison resistance
 h - an amulet of the acrobat
Wands
 x - a wand of polymorph (11)
Scrolls
 c - 2 scrolls of fear {unknown}
 d - a scroll of amnesia {unknown}
 e - 2 scrolls of acquirement {unknown}
 g - 7 scrolls of identify {unknown}
 k - 4 scrolls of teleportation {unknown}
 p - 2 scrolls of vulnerability {unknown}
 q - 2 scrolls of blinking {unknown}
 r - 2 scrolls of fog {unknown}
 u - a scroll of noise {unknown}
 v - a scroll of enchant armour {unknown}
Potions
 a - a potion of flight {unknown}
 f - a potion of heal wounds {unknown}
 j - a potion of lignification {unknown}
 l - a potion of degeneration {unknown}
 m - a potion of mutation {unknown}
 n - 2 potions of haste {unknown}
 o - 3 potions of attraction {unknown}
 s - a potion of ambrosia {unknown}
 w - a potion of might {unknown}


   Skills:
 + Level 6.3 Fighting
 + Level 8.1 Axes
 + Level 1.0(5.1) Polearms
 + Level 5.5 Armour
 + Level 4.7 Dodging
 + Level 1.8 Stealth


You had 7 spell levels left.
You didn't know any spells.
Your spell library was empty.

Dungeon Overview and Level Annotations

Branches:
Dungeon (6/15)
 Temple: D:4-7

Altars:
Ashenzari
Dithmenos
Fedhas
Gozag
Okawaru
Qazlal
Trog
Vehumet
Wu Jian

Shops:
D:5 :*


Innate Abilities, Weirdness & Mutations

You have a pair of horns on your head.
You reflexively headbutt those who attack you in melee.


Message History

You are too injured to fight recklessly!
A red film seems to cover your vision as you go berserk!
You feel yourself moving faster!
You feel mighty!
The centaur shoots an arrow.
The arrow barely misses you.
You feel a strong urge to attack something.
The centaur unwields a +0 shortbow.
The centaur barely misses you. The centaur misses you.
You puncture the centaur! You headbutt the centaur.
You kill the centaur!
Trog accepts your kill.
A nearby plant withers and dies.
The electric eel shoots out a bolt of lightning at you!
The bolt of electricity hits you!
* * * LOW HITPOINT WARNING * * *
The electric eel shoots out a bolt of lightning at you!
The bolt of electricity hits you.
* * * LOW HITPOINT WARNING * * *
The bolt of electricity hits the plant!
The plant begins to die.
The bolt of electricity hits the plant!
The plant begins to die.
Your base Polearms skill increases to level 1!
The electric eel shoots out a bolt of lightning at you!
The bolt of electricity hits you.
* * * LOW HITPOINT WARNING * * *
The bolt of electricity hits the plant!
The plant begins to die.
Things that are here:
a +0 shortbow; a centaur corpse You feel a strong urge to attack something.
You are no longer berserk.
You are exhausted.
You feel yourself slow down.
The electric eel shoots out a bolt of lightning at you!
The bolt of electricity hits you!
* * * LOW HITPOINT WARNING * * *
You hit the electric eel but do no damage.
You headbutt the electric eel.
The electric eel is heavily wounded.
A nearby plant withers and dies.
The electric eel shoots out a bolt of lightning at you!
The bolt of electricity hits you!
You die...

♣ #.# ♣~~ #.#
~~P~~#####.#
~PPP...<...######
#♣
PP~######.##~♣♣~♣#
#~♣♣♣
###.#♣~~~P~♣♣P~~PP
#...~~~~~~~~~~≈≈P~
#..♣~~~~SS~~~≈~~~~
#.......).@.......
#..P~~~P~S~~~P≈~~~
###PPP~~~~♣♣♣♣~≈~~
##~P~~~~♣ ♣♣♣
##~♣~~♣# ######


You could see 3 electric eels.

Vanquished Creatures
  2 water moccasins (D:5)
  2 ice beasts (D:5)
  A centaur (D:6)
  A gnoll sergeant (D:5)
  2 scorpions
  An orc priest (D:4)
  2 hounds
  3 iguanas
  6 orc wizards
  8 gnolls
  3 adders (D:4)
  2 dart slugs (D:2)
  21 orcs
  4 endoplasms
  3 giant cockroaches
  6 goblins
  12 hobgoblins
  8 kobolds
  3 quokkas
  5 ball pythons
  7 bats
  3 frilled lizards
  3 rats
108 creatures vanquished.

Vanquished Creatures (others)
  A hound (D:4)
  2 plants (D:6)
3 creatures vanquished.

Grand Total: 111 creatures vanquished

Notes
Turn   | Place    | Note
-------+----------+-------------------------------------------
     0 | D:1      | QueenGhuleh the Minotaur Berserker began the quest for the
                  | Orb.
     0 | D:1      | Reached XP level 1. HP: 19/19 MP: 0/0
   244 | D:1      | Reached skill level 4 in Axes
   246 | D:1      | Reached XP level 2. HP: 27/27 MP: 1/1
   656 | D:2      | Reached ** piety under Trog
   657 | D:2      | Reached XP level 3. HP: 16/33 MP: 2/2
   839 | D:2      | Reached XP level 4. HP: 27/40 MP: 3/3
  1523 | D:3      | Found a shadowy altar of Dithmenos.
  1596 | D:3      | Noticed a scorpion
  1601 | D:3      | Killed a scorpion
  1602 | D:3      | Reached skill level 5 in Axes
  1602 | D:3      | Reached XP level 5. HP: 39/47 MP: 4/4
  2210 | D:4      | Reached skill level 1 in Stealth
  2318 | D:4      | Reached *** piety under Trog
  2319 | D:4      | Reached XP level 6. HP: 55/55 MP: 5/5
  2344 | D:4      | Reached skill level 5 in Fighting
  2346 | D:4      | Upgraded the game from 0.30-a0-629-gd54f4be4f7 to
                  | 0.30-a0-672-gc3a7216ad8
  2493 | D:4      | Reached skill level 6 in Axes
  2504 | D:4      | Found an ornate altar of the Wu Jian Council.
  2956 | D:4      | Found a radiant altar of Vehumet.
  2957 | D:4      | Found a stormy altar of Qazlal.
  2957 | D:4      | Found a blossoming altar of Fedhas.
  2959 | D:4      | Found a broken altar of Ashenzari.
  3089 | D:5      | Entered Level 5 of the Dungeon
  3102 | D:5      | Noticed an ice beast
  3112 | D:5      | Killed an ice beast
  3113 | D:5      | Reached XP level 7. HP: 51/62 MP: 6/6
  3245 | D:5      | Found Zackotz's Serpentskin Sales.
  3254 | D:5      | Reached skill level 7 in Axes
  3455 | D:5      | Found a bloodstained altar of Trog.
  3456 | D:5      | Found an iron altar of Okawaru.
  3478 | D:5      | Found Komaowit's Book Shoppe.
  3788 | D:5      | Reached XP level 8. HP: 67/70 MP: 7/7
  3796 | D:5      | Reached skill level 5 in Armour
  3912 | D:5      | Reached skill level 8 in Axes
  4083 | D:5      | Found an opulent altar of Gozag.
  4251 | D:6      | Reached skill level 1 in Polearms
  4254 | D:6      | Killed from afar by an electric eel

Illustrated notes

Levels and vault maps discovered:
D:1:      erik_arrival_blinker_ship, layout_loops_ring
D:2:      layout_loops_ring, serial_bayou_pond_d
D:3:      layout_rooms, nicolae_overflow_hidden_temple, st_stairs_5,
          kennysheep_nondescript
D:4:      layout_rooms, minitemple, marbit_many_paths
D:5:      layout_loops_ring, grunt_temple_overflow_bloody_war,
          grunt_gozag_breadcrumbs, serial_shops, shop_statue,
          guppyfry_shop_venom
D:6:      layout_loops_ring, serial_bayou, serial_bayou_pond_a,
          serial_bayou_lagoon_b, serial_bayou_lagoon_a, serial_bayou_pond_a,
          serial_bayou_pond_a, serial_shops, shop

Skill      XL: |  1  2  3  4  5  6  7  8 |
---------------+-------------------------+-----
Axes           | 4 5 6 7 8 |  8.1
Fighting       | 4 5 6 |  6.3
Dodging        | 3 4 |  4.7
Stealth        | 1 |  1.8
Armour         | 3 4 5 |  5.5
Polearms       | 1 |  1.0

Action                   |  1- 3 |  4- 6 |  7- 9 || total
-------------------------+-------+-------+-------++-------
Melee: Hand axe          |    69 |   109 |       ||   178
       Headbutt          |    10 |    25 |    11 ||    46
       Punch             |       |     1 |     1 ||     2
       War axe           |       |    34 |    47 ||    81
       Halberd           |       |       |    19 ||    19
Invok: Berserk           |     1 |     1 |     2 ||     4
 Stab: Sleeping          |     1 |     2 |       ||     3
Armor: Animal skin       |    14 |     6 |       ||    20
       Scale mail        |       |    15 |       ||    15
       Chain mail        |       |    21 |    30 ||    51
Dodge: Dodged            |    48 |    72 |    33 ||   153

Table legend: (Time is in decaauts)
 A = Elapsed time spent in this place.
 B = Non-inter-level travel time spent in this place.
 C = Inter-level travel time spent in this place.
 D = Time resting spent in this place.
 E = Time spent auto-exploring this place.
 F = Levels seen in this place.
 G = Mean time per level.
                   A        B        C        D        E       F      G
               +--------+--------+--------+--------+--------+-----+--------+
         Total |   4307 |   4171 |    136 |      0 |   3507 |   6 |  717.8 |
       Dungeon |   4307 |   4171 |    136 |      0 |   3507 |   6 |  717.8 |
               +--------+--------+--------+--------+--------+-----+--------+

Top non-repeatable levels by time:
     D:5: 1161 daAuts
     D:4: 921 daAuts
     D:2: 865 daAuts
     D:3: 695 daAuts
     D:1: 643 daAuts
     D:6: 20 daAuts
